Map: 썬더버드 - 래더

Players

lllIIIIllll (Creator)

  • Race: Protoss Protoss
  • League: Master
  • Spawn Location: 5:00

Harstem - Winner!

  • Race: Protoss Protoss
  • League: Grandmaster
  • Spawn Location: 11:00

Event: HomeStory Cup XIX

VOD

Have the link to the VOD?

Description

Time

  • Played on: June 27, 2019, 11:29 a.m.
  • Length: 15:32

All games in this series

Show
View Real Time Build Order
Export as new Build Order

lllIIIIllll Protoss 

Build Orders: Blink Stalkers 

Get SALT Encoding   

  12  0:00  Probe  
  13  0:12  Probe  
  14  0:17  Pylon  
  14  0:24  Probe  
  15  0:32  Probe  
  15  0:36  Gateway  
  15  0:40  Probe  
  16  0:45  Assimilator  
  17  0:51  Probe  
  17  0:53  Assimilator  
  18  1:00  Probe  
  19  1:06  Gateway  
  19  1:08  Probe  
  19  1:17  Probe  
  20  1:25  Cybernetics Core  
  21  1:29  Probe  
  22  1:33  Pylon  
  22  1:41  Probe  
  23  1:53  Probe, Warp Gate  
  24  2:02  Stalker, Sentry  
  24  2:04  Pylon  
  28  2:13  Shield Battery  
  28  2:33  Stalker  
  28  2:34  Stalker  
  28  2:36  Probe  
  32  2:53  Shield Battery  
  32  2:56  Nexus  
  32  3:10  Shield Battery  
  32  3:11  Twilight Council  
  32  3:15  Probe  
  33  3:40  Stalker x2  
  37  3:45  Blink  
  37  3:50  Pylon  
  31  4:03  Probe  
  31  4:09  Probe  
  28  4:11  Probe  
  28  4:17  Probe  
  28  4:20  Stalker  
  30  4:24  Probe  
  30  4:25  Probe  
  32  4:36  Probe  
  32  4:38  Stalker  
  34  4:45  Probe  
  34  4:48  Probe  
  34  4:52  Stalker  
  37  4:57  Probe  
  38  5:02  Probe  
  38  5:05  Sentry  
  38  5:06  Probe  
  41  5:11  Probe  
  42  5:14  Probe  
  42  5:19  Probe  
  44  5:24  Probe  
  46  5:28  Probe  
  47  5:36  Probe  
  47  5:40  Probe  
  49  5:48  Probe  
  50  5:51  Nexus  
  50  5:55  Probe  
  49  6:00  Probe  
  50  6:07  Probe  
  51  6:12  Probe  
  51  6:13  Charge  
  52  6:19  Probe  
  52  6:24  Probe  
  54  6:26  Gateway  
  54  6:27  Gateway  
  54  6:30  Robotics Facility, Gateway  
  54  6:32  Probe  
  55  6:36  Probe  
  56  6:42  Gateway  
  56  6:43  Gateway  
  56  6:44  Gateway  
  56  6:46  Probe  
  57  6:48  Probe  
  58  6:55  Pylon  
  58  6:58  Probe  
  58  7:00  Probe  
  58  7:01  Probe  
  60  7:06  Zealot x2  
  60  7:07  Warp Prism  
  65  7:08  Probe  
  65  7:10  Probe  
  65  7:13  Probe  
  68  7:21  Zealot x2  
  74  7:24  Probe  
  74  7:28  Probe, Pylon  
  76  7:30  Pylon  
  76  7:31  Zealot x2  
  76  7:34  Probe  
  76  7:36  Probe  
  82  7:40  Pylon  
  82  7:48  Zealot x4  
  82  7:51  Probe  
  90  7:54  Zealot x2  
  90  7:55  Zealot  
  94  8:05  Stalker  
  94  8:09  Stalker x2, Zealot x2  
  104  8:15  Stalker, Zealot  
  104  8:19  Pylon  
  108  8:30  Pylon  
  108  8:33  Pylon  
  108  8:34  Pylon  
  108  8:37  Warp Prism  
  110  8:47  Assimilator  
  110  8:48  Assimilator  
  110  8:49  Pylon  
  110  8:51  Templar Archives  
  110  8:54  Zealot x8  
  104  9:20  Immortal  
  104  9:21  Probe x3  
  98  9:29  Probe x3  
  98  9:31  Forge  
  93  9:34  Zealot x3, High Templar x2  
  106  9:39  Probe x3  
  106  9:40  Archon  
  106  9:45  Pylon  
  109  9:48  Protoss Ground Weapons Level 1  
  109  9:52  Observer, Probe x3  
  113  10:07  Shield Battery  
  113  10:08  Zealot x3  
  113  10:09  Shield Battery  
  113  10:10  Shield Battery  
  113  10:12  Assimilator  
  119  10:14  Assimilator  
  119  10:19  Probe  
  119  10:20  Probe x2, High Templar x2  
  126  10:25  Archon  
  126  10:30  Immortal  
  130  10:38  Probe x3  
  130  10:41  Photon Cannon  
  133  10:47  Photon Cannon  
  133  10:48  Photon Cannon  
  133  10:57  High Templar  
  133  10:58  Zealot x2, High Templar  
  133  11:02  Immortal  
  133  11:03  Archon  
  139  11:09  Zealot x2  
  147  11:18  Zealot x2, High Templar x2  
  151  11:23  Archon  
  153  11:29  Pylon  
  153  11:31  Pylon  
  153  11:34  Pylon  
  153  11:35  Pylon  
  153  11:37  High Templar x2  
  153  11:39  Immortal, Pylon  
  155  11:40  Protoss Ground Weapons Level 2  
  155  11:42  Archon  
  157  12:08  Gateway  
  157  12:10  High Templar x2  
  161  12:16  Archon  
  161  12:20  Immortal  
  163  12:33  High Templar x2  
  163  12:34  Zealot x4  
  175  12:38  Archon  
  175  12:44  Sentry, Zealot  
  179  12:47  Forge  
  179  12:49  Robotics Facility  
  179  12:50  Pylon  
  179  13:06  Zealot x4  
  179  13:07  Zealot x2  
  181  13:20  Nexus  
  181  13:21  Pylon  
  181  13:23  Immortal  
  181  13:26  High Templar x2  
  177  13:31  Protoss Ground Armor Level 1  
  177  13:33  Archon  
  180  13:42  Immortal  
  180  13:46  Robotics Bay  
  184  13:57  Photon Cannon  
  184  13:59  Shield Battery  
  184  14:22  High Templar x2  
  184  14:23  High Templar x2  
  190  14:25  Disruptor  
  190  14:27  Archon  
  190  14:28  Archon  
  186  14:33  Disruptor, Zealot x2  
  186  14:38  Nexus  
  191  14:52  Dark Shrine  
  157  15:09  Zealot x4  
  157  15:10  Zealot x5  
Show
View Real Time Build Order
Export as new Build Order

Harstem Protoss - Winner!

Build Orders: Oracle Opening, Zealot Archon 

Get SALT Encoding   

  12  0:00  Probe  
  13  0:12  Probe  
  14  0:17  Pylon  
  14  0:24  Probe  
  15  0:32  Probe  
  15  0:37  Gateway  
  15  0:40  Probe  
  16  0:48  Assimilator  
  17  0:51  Probe  
  17  0:54  Assimilator  
  18  0:59  Probe  
  19  1:07  Probe, Gateway  
  19  1:17  Probe  
  20  1:24  Cybernetics Core  
  21  1:29  Probe  
  22  1:39  Pylon  
  22  1:40  Pylon  
  22  1:42  Probe  
  23  2:00  Adept  
  26  2:03  Adept  
  26  2:07  Stargate  
  27  2:10  Probe  
  27  2:14  Warp Gate  
  28  2:21  Pylon  
  28  2:25  Probe  
  29  2:37  Probe  
  29  2:42  Oracle  
  29  2:43  Adept x2  
  37  2:59  Shield Battery  
  37  3:10  Oracle  
  40  3:34  Nexus  
  40  3:44  Probe  
  40  3:47  Robotics Facility  
  41  3:57  Probe  
  38  4:10  Probe  
  38  4:12  Stalker x2  
  39  4:22  Probe  
  40  4:27  Shield Battery  
  40  4:34  Probe, Immortal  
  41  4:43  Stalker  
  47  4:49  Stalker  
  49  4:54  Probe x2  
  51  5:05  Pylon  
  51  5:06  Observer, Probe x2  
  54  5:14  Probe  
  54  5:18  Probe  
  54  5:19  Sentry  
  58  5:22  Probe  
  59  5:30  Forge, Probe  
  59  5:32  Probe  
  58  5:37  Assimilator  
  58  5:40  Assimilator  
  58  5:43  Probe  
  58  5:44  Probe  
  58  5:46  Pylon  
  60  5:54  Immortal  
  60  5:55  Probe  
  60  5:57  Probe  
  62  6:01  Pylon  
  62  6:06  Twilight Council  
  66  6:14  Gateway, Protoss Ground Weapons Level 1  
  66  6:16  Gateway  
  66  6:28  Sentry, Gateway  
  66  6:29  Gateway  
  68  6:36  Charge, Gateway  
  68  6:38  Gateway  
  68  6:46  Immortal  
  72  6:55  Templar Archives  
  72  6:57  Zealot  
  74  7:01  Pylon  
  74  7:16  Nexus  
  74  7:17  Warp Prism  
  74  7:26  Pylon  
  76  7:31  High Templar x2  
  76  7:32  Zealot  
  82  7:39  Archon  
  82  7:48  Zealot x2, High Templar x2  
  82  7:49  Zealot  
  82  7:50  Probe x2  
  91  7:53  Archon  
  91  7:54  Pylon  
  91  8:02  Probe  
  92  8:07  Protoss Ground Weapons Level 2  
  92  8:09  Probe  
  93  8:14  Probe  
  93  8:19  Pylon  
  94  8:21  Probe  
  94  8:23  Pylon  
  94  8:24  Photon Cannon  
  94  8:26  Probe  
  96  8:30  High Templar  
  96  8:31  Zealot, High Templar  
  96  8:32  Zealot  
  104  8:34  Pylon  
  104  8:35  Archon  
  104  8:39  Probe  
  107  8:46  Zealot x3  
  111  8:49  Zealot  
  111  8:55  Zealot  
  112  9:07  Zealot x3  
  111  9:18  Probe x2  
  111  9:23  Pylon  
  102  9:27  Pylon  
  102  9:30  Probe  
  100  9:36  Assimilator x2  
  100  9:38  Pylon  
  100  9:40  Assimilator  
  100  9:41  High Templar  
  100  9:42  High Templar  
  100  9:43  Warp Prism  
  105  9:46  Photon Cannon, Shield Battery  
  105  9:49  Archon  
  107  9:56  Dark Shrine  
  106  10:02  High Templar  
  106  10:03  Zealot x2, High Templar  
  106  10:06  Zealot  
  116  10:07  Archon  
  116  10:12  Probe  
  116  10:13  Probe  
  118  10:15  Shield Battery  
  118  10:20  Observer  
  119  10:23  Photon Cannon, Pylon  
  119  10:29  Zealot x2  
  119  10:32  Probe  
  120  10:42  Probe  
  121  10:44  Stalker x2  
  121  10:48  Probe  
  127  10:52  High Templar x4  
  127  10:56  Archon x2  
  134  10:57  Warp Prism  
  134  11:02  Probe  
  134  11:04  Probe, Pylon  
  136  11:11  Protoss Ground Weapons Level 3  
  136  11:17  Probe  
  137  11:23  Zealot x2, High Templar x2  
  137  11:25  Zealot x3  
  151  11:27  Archon  
  151  11:32  Probe  
  152  11:33  Pylon  
  152  11:37  Zealot  
  154  11:44  Robotics Bay  
  154  11:54  Observer  
  154  11:58  Probe x3, Robotics Facility  
  158  12:07  Zealot x2  
  160  12:16  Zealot x4, High Templar x2  
  160  12:22  Archon  
  170  12:29  Probe  
  170  12:37  Disruptor  
  170  12:38  Disruptor  
  170  12:41  Probe, Stargate  
  170  12:42  Nexus  
  174  12:44  Pylon  
  174  12:50  Probe, Pylon x2  
  176  13:01  Probe  
  176  13:02  Pylon  
  176  13:05  Assimilator  
  177  13:07  Dark Templar x2  
  177  13:08  Zealot  
  177  13:09  Zealot, Assimilator  
  177  13:10  Disruptor  
  177  13:11  Zealot  
  187  13:13  Zealot, Dark Templar  
  187  13:18  Disruptor  
  171  13:30  Dark Templar  
  173  13:34  Disruptor, Photon Cannon  
  173  13:37  Photon Cannon  
  171  13:44  Dark Templar  
  171  13:45  Warp Prism  
  171  13:47  Dark Templar  
  176  13:51  Archon  
  178  14:01  Zealot x3, High Templar x2  
  178  14:02  Zealot  
  190  14:05  Archon  
  189  14:22  Disruptor  
  189  14:24  Dark Templar  
  194  14:27  Photon Cannon  
  194  14:32  Shield Battery  
  194  14:41  Disruptor  
  197  14:50  Zealot  
  191  15:06  Zealot x6  
  191  15:07  Zealot  
  139  15:15  Zealot  
  130  15:28  Zealot x7  
Tags
 
Add a new tag
Caveats
  • Supply blocks, unpowered buildings, or Contaminate may cause inaccurate times.
  • Supply counts are checked every 10 seconds.